 Dungeon Crawl Stone Soup version 0.23-a0-480-g1869896531 (webtiles) character file.

7 Hebeqt the Sneak (level 1, -1/9 HPs)
             Began as a Spriggan Enchanter on Nov 29, 2018.
             Slain by an ooze (4 damage)
             ... on level 1 of the Dungeon.
             The game lasted 00:03:47 (638 turns).

Hebeqt the Sneak (Spriggan Enchanter)                Turns: 638, Time: 00:03:48

Health: -1/9       AC:  2    Str:  4    XL:     1   Next: 83%
Magic:  5/5        EV: 18    Int: 16    God:
Gold:   14         SH:  0    Dex: 16    Spells: 4/5 levels left

rFire    . . .     SeeInvis +   a - +1 dagger
rCold    . . .     Gourm    .   (shield restricted)
rNeg     . . .     Faith    .   b - +0 robe
rPois    .         Spirit   .   (helmet restricted)
rElec    .         Reflect  .   (no cloak)
rCorr    .         Harm     .   (gloves unavailable)
MR       .....                  (boots unavailable)
Stlth    +++.......             (no amulet)
HPRegen  0.03/turn              (no ring)
MPRegen  0.09/turn              (no ring)

@: very quick
A: very small, unfitting armour, see invisible, herbivore, speed 3, slow
metabolism 2
a: no special abilities


You were on level 1 of the Dungeon.
You were not hungry.

You visited 1 branch of the dungeon, and saw 1 of its levels.

You collected 14 gold pieces.

Inventory:

Hand Weapons
 a - a +1 dagger (weapon)
Missiles
 e - 6 poisoned needles
Armour
 b - a +0 robe (worn)
Comestibles
 d - a ration


   Skills:
 - Level 0.1 Fighting
 + Level 1.2 Short Blades
 - Level 3.0 Dodging
 + Level 4.5 Stealth
 - Level 2.6 Spellcasting
 - Level 4.1 Hexes


You had 4 spell levels left.
You knew the following spells:

 Your Spells              Type           Power        Failure   Level  Hunger
a - Corona                Hex            ###....      3%          1    #......

Your spell library contained the following spells:

 Spells                   Type           Power        Failure   Level  Hunger
 Confuse                  Hex            ###.....     11%         3    ###....
 Tukima's Dance           Hex            ###.....     11%         3    ###....
 Ensorcelled Hibernation  Hex/Ice        #.....       13%         2    ##.....
 Dazzling Spray           Conj/Hex       #.....       26%         3    ###....


Dungeon Overview and Level Annotations

Branches:
Dungeon (1/15)

Altars:


Innate Abilities, Weirdness & Mutations

You are very small and have problems with some larger weapons.
You are too small for most types of armour.
You have supernaturally acute eyesight. (SInv)
You are a herbivore.
You cover ground extremely quickly.
You need to consume almost no food.


Message History

You hit the ooze.
The ooze is severely wounded.
The ooze hits you.
You see here a poisoned needle.
The ooze jiggles.
You see here a poisoned needle.
The ooze closely misses you.
You see here a poisoned needle.
You hit the ooze but do no damage.
The ooze is severely wounded.
The ooze closely misses you.
The ooze stops glowing.
You see here a poisoned needle.
You see here a goblin skeleton.
You see here a stone.
The ooze completely misses you.
You hit the ooze.
The ooze is almost dead.
The ooze hits you.
You die...

#.# #.# #.# ###
#.############
##.###.##.........#
##.#.##.##.#######.#
##### ##.###.#.##.# #.#
#.†.###.## ##..##.#####
#.#
#.#......###...@J.....#
#.#
#...#####.#.#.(.#÷###.#
#.# ##†##
#.#.....(###.###.# #
#.#
####...#..((.(((.#####
###.#
##.######...(...(.#
.##.# #.# #..######.#
....# #.# #..######(#
##.## ##'## #......##(#
#.# ##÷..## ##.###.##.#


You could see an ooze.

Vanquished Creatures
  A goblin (D:1)
  2 hobgoblins (D:1)
  2 bats (D:1)
  A frilled lizard (D:1)
  A rat (D:1)
7 creatures vanquished.

Notes
Turn   | Place    | Note
-------+----------+-------------------------------------------
     0 | D:1      | Hebeqt the Spriggan Enchanter began the quest for the Orb.
     0 | D:1      | Reached XP level 1. HP: 9/9 MP: 5/5
   638 | D:1      | Slain by an ooze

Vault maps used:
D:1:      dpeg_arrival_simpleton_a

Skill      XL: |  1 |
---------------+----+-----
Hexes          | 4 |  4.1
Fighting       | |  0.1
Short Blades   | |  1.2
Dodging        | |  3.0
Stealth        | |  4.5
Spellcasting   | |  2.6

Action                   || total
-------------------------++-------
Melee: Dagger            ||    28
Throw: Stone             ||    17
 Cast: Corona            ||     1
 Stab: Sleeping          ||     1
Armor: Robe              ||     3
Dodge: Dodged            ||    24

Table legend:
 A = Non-vault XP
 B = Vault XP
 C = Vault XP percentage of total XP
 D = Non-vault monster count
 E = Vault monster count
 F = Vault count percentage of total count
                 A         B        C        D         E       F
            +---------+---------+-------+---------+---------+-------
      Total |      10 |       0 |   0.0 |       7 |       0 |   0.0
            +---------+---------+-------+---------+---------+-------
        D:1 |      10 |       0 |   0.0 |       7 |       0 |   0.0
            +---------+---------+-------+---------+---------+-------
